 Dungeon Crawl Stone Soup version 0.26.1-2-gb8aa6d0cf2 (webtiles) character file.

Game seed: 2960472764247015301

330 Amaterasu the Skirmisher (level 6, -2/51 HPs)
             Began as a Demonspawn Chaos Knight on Feb 15, 2021.
             Was a Plaything of Xom.
             Killed by divine providence
             ... invoked by an orc priest
              (12 damage)
             ... on level 5 of the Dungeon.
             The game lasted 00:03:46 (4335 turns).

Amaterasu the Skirmisher (Demonspawn Chaos Knight)  Turns: 4335, Time: 00:03:47

Health: -2/51      AC: 11    Str: 15    XL:     6   Next: 26%
Magic:  6/6        EV: 10    Int: 13    God:    Xom [.....*]
Gold:   141        SH:  0    Dex: 12    Spells: 5/5 levels left

rFire    . . .     SeeInvis .   n - +2 quarterstaff (chaos)
rCold    + . .     Faith    .   (shield currently unavailable)
rNeg     . . .     Spirit   .   i - +1 ring mail
rPois    .         Reflect  .   (no helmet)
rElec    .         Harm     .   o - +2 cloak {Stlth+}
rCorr    .         Rampage  .   (no gloves)
Will     .....                  (no boots)
Stlth    ..........             (no amulet)
HPRegen  0.17/turn              (no ring)
MPRegen  0.10/turn              (no ring)

@: no status effects
A: hooves 1, icy blue scales 1, cold resistance 1, freezing cloud immunity
a: Renounce Religion


You were on level 5 of the Dungeon.
You worshipped Xom.
You were Xom's teddy bear.
You visited 1 branch of the dungeon, and saw 5 of its levels.

You collected 141 gold pieces.

Inventory:

Hand Weapons
 n - a +2 quarterstaff of chaos (weapon)
Armour
 i - a +1 ring mail (worn)
 o - a +2 cloak of stealth (worn)
Wands
 a - a wand of paralysis (7)
Scrolls
 c - 3 scrolls of teleportation
 g - a scroll of remove curse
 j - a scroll of fog
Potions
 b - a potion of degeneration
 d - a potion of ambrosia
 e - a potion of lignification
 f - 3 potions of heal wounds
 k - a potion of brilliance {unknown}
 l - a potion of curing {unknown}
 p - 2 potions of invisibility {unknown}


   Skills:
 - Level 5.0 Fighting
 - Level 1.8(2.5) Axes
 - Level 2.6(3.9) Maces & Flails
 * Level 3.8(4.2) Staves
 - Level 1.7 Armour
 - Level 0.8 Dodging


You had 5 spell levels left.
You didn't know any spells.
Your spell library was empty.

Dungeon Overview and Level Annotations

Branches:
Dungeon (5/15)
 Temple: D:4-7

Altars:
Kikubaaqudgha
Makhleb
Nemelex Xobeh
Uskayaw
Xom


Innate Abilities, Weirdness & Mutations

You have large cloven feet.
You are partially covered in icy blue scales. (AC +2)
Your flesh is cold resistant. (rC+)
You are immune to freezing clouds.


Message History

The orc priest invokes the aid of Beogh against you.
Beogh smites you!
You hit the orc but do no damage.
The orc suddenly stops moving!
You kick the orc.
The orc is severely wounded.
The gnoll hits you from afar with a +0 halberd!
The helpless orc fails to defend itself.
You sock the orc!
You kill the orc!
The gnoll hits you from afar with a +0 halberd!
* * * LOW HITPOINT WARNING * * *
You hit the orc.
Space warps horribly around the orc!!
You kill the orc!
The gnoll barely misses you.
The gnoll hits you from afar with a +0 spear.
* * * LOW HITPOINT WARNING * * *
The orc priest calls down the wrath of Beogh upon you.
Beogh smites you!
You die...
Xom howls with laughter!

###.(..# #.#5#.# , ,
........ #.#.#.#
#....### #.#.#.#
#......####.#.#.#
#....#......#.#.#
#....########.#.#
#.............#.#
.##....########g#.#
..............@)go.#
..###############..#
. #.># ##o# .o.
..o.. .......
#.g.....# #.......#


You could see an orc priest and 2 gnolls.

Vanquished Creatures
  A centaur (D:5)
  A scorpion (D:5)
  An orc priest (D:4)
  Crazy Yiuf (D:3)
  A howler monkey skeleton (D:5)
  4 adders
  An ooze (D:3)
  2 adder skeletons (D:4)
  A worm (D:4)
  3 leopard geckos
  9 orcs
  A ball python (D:4)
  10 goblins
  8 hobgoblins
  7 jackals
  3 quokkas
  3 bats
  3 frilled lizards
  6 kobolds
  6 rats
72 creatures vanquished.

Vanquished Creatures (collateral kills)
  An orc wizard (D:4)
  2 orcs (D:4)
3 creatures vanquished.

Grand Total: 75 creatures vanquished

Notes
Turn   | Place    | Note
-------+----------+-------------------------------------------
     0 | D:1      | Amaterasu the Demonspawn Chaos Knight began the quest for
                  | the Orb.
     0 | D:1      | Reached XP level 1. HP: 18/18 MP: 1/1
   192 | D:1      | Gained mutation: You are partially covered in icy blue
                  | scales. (AC +2) [demonic ancestry]
   192 | D:1      | Reached XP level 2. HP: 24/24 MP: 2/2
   583 | D:1      | XOM: silly message
  1127 | D:2      | XOM: cloud trail
  1179 | D:2      | Reached skill level 4 in Fighting
  1179 | D:2      | Reached skill level 1 in Axes
  1179 | D:2      | Gained mutation: You have large cloven feet. [demonic
                  | ancestry]
  1179 | D:2      | Reached XP level 3. HP: 30/30 MP: 3/3
  1180 | D:2      | Found a burning altar of Makhleb.
  1193 | D:2      | Found a hide-covered altar of Uskayaw.
  1451 | D:2      | Found a sparkling altar of Nemelex Xobeh.
  2215 | D:3      | XOM: 4-stop teleportation journey
  2295 | D:3      | Reached XP level 4. HP: 33/38 MP: 4/4
  2410 | D:3      | XOM: noise
  2519 | D:3      | Found a runed translucent door.
  2520 | D:3      | Noticed Crazy Yiuf
  2700 | D:3      | XOM: scenery: create altars
  2887 | D:3      | Killed Crazy Yiuf
  2888 | D:3      | Reached skill level 5 in Fighting
  3262 | D:4      | Reached skill level 1 in Staves
  3368 | D:4      | Gained mutation: Your flesh is cold resistant. (rC+)
                  | [demonic ancestry]
  3368 | D:4      | Reached XP level 5. HP: 44/44 MP: 5/5
  3404 | D:4      | XOM: silly message
  3516 | D:4      | XOM: noise
  3695 | D:4      | Found an ancient bone altar of Kikubaaqudgha.
  3922 | D:5      | Entered Level 5 of the Dungeon
  3934 | D:5      | Noticed a centaur
  3937 | D:5      | Killed a centaur
  3956 | D:5      | XOM: cloud trail
  4091 | D:5      | XOM: divination: magic mapping
  4120 | D:5      | XOM: summons friendly quasit
  4127 | D:5      | Gained mutation: You are immune to freezing clouds.
                  | [demonic ancestry]
  4127 | D:5      | Reached XP level 6. HP: 26/51 MP: 6/6
  4174 | D:5      | XOM: 2-stop teleportation journey
  4335 | D:5      | Killed from afar by an orc priest

Illustrated notes

Levels and vault maps discovered:
D:1:      sevenhm_arrival_forest_fort_small_4, layout_rooms
D:2:      layout_rooms, nemelex_xobeh_ov_fountains_minmay,
          amethyst_overflow_temple_binary
D:3:      minmay_razor_zed, layout_loops_corners, uniq_crazy_yiuf_cottage
D:4:      layout_gridville, general_overflow_altar
D:5:      layout_basic, gammafunk_ghost_cemetery, uniq_prince_ribbit1

Skill      XL: |  1  2  3  4  5 |
---------------+----------------+-----
Fighting       | 4 5 |  5.0
Axes           | 1 |  1.8
Staves         | 1 3 |  3.8
Maces & Flails | |  2.6
Armour         | |  1.7
Dodging        | |  0.8

Action                   |  1- 3 |  4- 6 || total
-------------------------+-------+-------++-------
Melee: Mace              |   139 |    36 ||   175
       Kick              |    10 |    17 ||    27
       Quarterstaff      |       |    34 ||    34
  Use: Scroll            |     5 |     5 ||    10
 Stab: Paralysed         |     1 |     1 ||     2
Armor: Leather armour    |    50 |       ||    50
       Ring mail         |    26 |    20 ||    46
Dodge: Dodged            |    82 |    45 ||   127
